 Dungeon Crawl Stone Soup version 0.31-a0-1206-g41278d8d1d (webtiles) character file.

Game seed: 324665546251033198

143500 Drazool the Eclecticist (level 17, -4/139 HPs)
             Began as a Djinni Fire Elementalist on Dec 8, 2023.
             Was the Champion of Ashenzari.
             Slain by a spark wasp (15 damage)
             ... on level 3 of the Spider Nest on Dec 13, 2023.
             The game lasted 01:46:09 (24667 turns).

Drazool the Eclecticist (Djinni Fire Elementalist) Turns: 24667, Time: 01:46:09

Health: -4/139     AC: 12    Str: 10    XL:     17   Next: 99%
Gold:   2892       EV: 18    Int: 26    God:    Ashenzari [******] SH:  6 Dex: 19

rFire   + + .        r - +1 flail of Ashenzari's Black Moon {holy, Dev, Melee} (curse)
rCold   x . .        s - +0 buckler "Shattered With Me" {Comp, Elem} (curse)
rNeg    . . .        b - +2 robe "Behold Eternity" {Will+, Melee, Fort} (curse)
rPois   ∞            A - +2 hat of Star-Bound Wisdom {Elem, Range} (curse)
rElec   .            v - +2 cloak of Ashenzari's Planets {Bglg, Alch} (curse)
rCorr   .            d - +2 pair of gloves "Clairvoyant Idealism" {Str+3, Melee, Elem} (curse)
SInv    +            (boots unavailable)
Will    ++...        y - amulet of Star-Bound Wisdom {Regen+, Self, Fort} (curse)
Stlth   ++           D - ring of Ashenzari's Planets {Dex+6, Elem, Melee} (curse)
HPRegen 1.23/turn    Y - ring "Chained Ordeal" {Slay+4, Bglg, Melee} (curse)
MPRegen 0.00/turn

%: clarity, infuse magic (-5 HP)
@: flying
A: sickness immunity, fire resistance 2, cold vulnerability 1, float, innate
caster, HP casting, extra vitality 1
a: Renounce Religion, Shatter the Chains


You were on level 3 of the Spider Nest.
You worshipped Ashenzari.
Ashenzari was exalted by your worship.
You visited 5 branches of the dungeon, and saw 26 of its levels.
You also visited: Ice Cave and Volcano.

You collected 3447 gold pieces.
You spent 555 gold pieces at shops.


Innate Abilities, Weirdness & Mutations

You are immune to sickness and miasma.
You are immune to poison.
Your flesh is very heat resistant. (rF++)
You are vulnerable to cold. (rC-)
You float through the air rather than walking.
You learn spells naturally, not from books.
Your magical power is your life essence.
You have superior vitality. (+4 MHP)


   Skills:
 + Level 15.9(18.2) Fighting
 - Level 3.5(9.0) Maces & Flails
 - Level 2.3(5.0) Armour
 - Level 10.0 Dodging
 - Level 1.5 Stealth
 - Level 3.0(6.0) Shields
 - Level 16.6(19.0) Spellcasting
 - Level 16.6(20.1) Conjurations
 - Level 16.6(20.1) Hexes
 - Level 16.6(19.0) Summonings
 - Level 16.6(19.0) Necromancy
 - Level 16.6(20.1) Translocations
 - Level 16.6(19.0) Transmutations
 - Level 16.6(22.2) Fire Magic
 - Level 16.6(22.2) Ice Magic
 - Level 16.6(22.2) Air Magic
 - Level 16.6(22.2) Earth Magic
 - Level 16.6(19.0) Poison Magic
 - Level 7.4(10.0) Evocations
 - Level 7.4(10.0) Shapeshifting


You knew the following spells:

 Your Spells              Type           Power      Damage    Failure   Level
a - Arcjolt               Conj/Air       47%        1d57      0%          5
b - Plasma Beam           Fire/Air       48%        2x1d62    1%          6
c - Call Imp              Summ           100%       N/A       0%          2
f - Foxfire               Conj/Fire      100%       2x1d9     0%          1
l - Call Canine Familiar  Summ           89%        N/A       0%          3
p - Spellforged Servitor  Conj/Summ      45%        N/A       1%          7
r - Inner Flame           Hex/Fire       94%        N/A       0%          3
s - Slow                  Hex            100%       N/A       0%          1
w - Wereblood             Tmut           89%        N/A       0%          2
S - Silence               Hex/Air        47%        N/A       0%          5
X - Scorch                Fire           100%       2d9       0%          2
Y - Volatile Blastmotes   Fire/Tloc      100%       2d18      0%          3
Z - Flame Wave            Conj/Fire      94%        2d20      0%          4
Your spell library was empty.

Inventory:

Hand Weapons
 r - the cursed +1 flail of Ashenzari's Black Moon (weapon) {holy, Dev, Melee}
   (You took it off Edmund on level 5 of the Dungeon)

   It has a curse which improves the following skills: Devices: Evocations and
   Shapeshifting.
   Melee Combat: Short Blades, Long Blades, Axes, Maces & Flails, Polearms,
   Staves and Unarmed Combat.
Missiles
 B - 3 throwing nets {=f}
Armour
 b - the cursed +2 robe "Behold Eternity" (worn) {Will+, Melee, Fort}
   (You took it off Jessica on level 2 of the Dungeon)

   It has a curse which improves the following skills: Melee Combat: Short
   Blades, Long Blades, Axes, Maces & Flails, Polearms, Staves and Unarmed
   Combat.
   Fortitude: Armour and Shields.
 d - the cursed +2 pair of gloves "Clairvoyant Idealism" (worn) {Str+3, Melee, Elem}
   (You found it on level 5 of the Dungeon)

   It has a curse which improves the following skills: Melee Combat: Short
   Blades, Long Blades, Axes, Maces & Flails, Polearms, Staves and Unarmed
   Combat.
   Elements:  Fire Magic, Ice Magic, Air Magic and Earth Magic.
 s - the cursed +0 buckler "Shattered With Me" (worn) {Comp, Elem}
   (You found it on level 7 of the Dungeon)

   It has a curse which improves the following skills: Companions: Summonings
   and Necromancy.
   Elements:  Fire Magic, Ice Magic, Air Magic and Earth Magic.
 v - the cursed +2 cloak of Ashenzari's Planets (worn) {Bglg, Alch}
   (You found it on level 6 of the Dungeon)

   It has a curse which improves the following skills: Beguiling: Conjurations,
   Hexes and Translocations.
   Alchemy:   Poison Magic and Transmutations.
 A - the cursed +2 hat of Star-Bound Wisdom (worn) {Elem, Range}
   (You found it on level 8 of the Dungeon)

   It has a curse which improves the following skills: Elements: Fire Magic, Ice
   Magic, Air Magic and Earth Magic.
   Ranged Combat: Ranged Weapons and Throwing.
 K - a +2 chain mail of cold resistance
 L - a +2 robe of cold resistance
Magical Staves
 h - a staff of air {!a}
 J - a staff of cold {!a}
Jewellery
 c - a ring of ice
 y - the cursed amulet of Star-Bound Wisdom (around neck) {Regen+, Self, Fort}
   (You bought it in a shop on level 7 of the Dungeon)

   [amulet of regeneration]

   Regen+:    It increases your rate of health regeneration.
   It has a curse which improves the following skills: Introspection: Fighting
   and Spellcasting.
   Fortitude: Armour and Shields.
 C - a ring of ice
 D - the cursed ring of Ashenzari's Planets (left hand) {Dex+6, Elem, Melee}
   (You found it on level 1 of the Dungeon)

   [ring of dexterity]

   Dex+6:     It affects your dexterity (+6).
   It has a curse which improves the following skills: Elements: Fire Magic, Ice
   Magic, Air Magic and Earth Magic.
   Melee Combat: Short Blades, Long Blades, Axes, Maces & Flails, Polearms,
   Staves and Unarmed Combat.
 F - a ring of protection from fire
 H - an amulet of the acrobat
 N - the ring of Isoid {Will+ MP+9}
   (You found it on level 2 of the Lair of Beasts)

   [ring of magical power]

   Will+:     It increases your willpower.
   MP+9:      It affects your magic capacity (+9).
 S - a +6 ring of strength
 V - an amulet of reflection
 Y - the cursed ring "Chained Ordeal" (right hand) {Slay+4, Bglg, Melee}
   (You found it on level 4 of the Dungeon)

   [ring of slaying]

   Slay+4:    It affects your accuracy & damage with ranged weapons and melee
   (+4).
   It has a curse which improves the following skills: Beguiling: Conjurations,
   Hexes and Translocations.
   Melee Combat: Short Blades, Long Blades, Axes, Maces & Flails, Polearms,
   Staves and Unarmed Combat.
Wands
 w - a wand of digging (4)
 x - a wand of roots (13)
 E - a wand of acid (10)
 Q - a wand of paralysis (11)
 T - a wand of polymorph (8)
 U - a wand of mindburst (15)
Scrolls
 a - 4 scrolls of immolation
 g - 3 scrolls of teleportation {@r2}
 j - 3 scrolls of poison
 k - a scroll of silence {!r}
 n - 4 scrolls of vulnerability
 u - 6 scrolls of revelation
 G - a scroll of butterflies
 I - a scroll of blinking
 M - 2 scrolls of enchant armour
 O - 2 scrolls of torment
 W - 2 scrolls of enchant weapon
 Z - 4 scrolls of fog
Potions
 e - 9 potions of curing {@q1}
 f - 6 potions of lignification
 i - 12 potions of haste {@q3}
 l - 4 potions of enlightenment
 m - 2 potions of invisibility
 o - a potion of heal wounds {@q2}
 p - 6 potions of might
 q - 4 potions of attraction
 t - 3 potions of ambrosia
 z - a potion of brilliance
 R - 4 potions of mutation
Miscellaneous
 P - a lightning rod (4/4)

Dungeon Overview and Level Annotations

Branches:
Dungeon (15/15) Temple (1/1) D:5 Lair (5/5) D:9 Shoals (0/4) Lair:2 Spider (3/4) Lair:2 Slime (0/5) Lair:5 Orc (2/2) D:11 Elf (0/3) Orc:2 Vaults (0/5) D:12 D:13 Depths (0/4) D:15 IceCv (visited) Volcano (visited)

Altars:
Ashenzari
Cheibriados
Dithmenos
Elyvilon
Fedhas
Gozag
Hepliaklqana
Makhleb
Nemelex Xobeh
Okawaru
Qazlal
Ru
Trog
Uskayaw
Wu Jian
Xom
Yredelemnul
Zin
The Shining One
Jiyva
Lugonu

Shops:
D:7 *   D:8 (   Orc:1 *   Orc:2 *[=(

Portals:
Abyss: Lair:5

,,,,,,,,,**
,.........#*
,.........,*
,..)......**
,.........*
,........#*
,.....)..##
,......)9.#
,!.....y@.##
^..........##
,.....).....###
*###^..<..##.^###
###...#####.^##
*#†..## ###.##
**#...#* ##.###
**^...#* ##...###
*>..##*
##......#**


You could see a spark wasp (ally target) and a friendly spellforged servitor
(summoned).


Message History

The spark wasp is lightly wounded.
The fiery plasma hits the spark wasp.
The spark wasp is moderately wounded.
* * * LOW HITPOINT WARNING * * *
You block the spark wasp's attack. x2
Unknown command.
Casting: Plasma Beam (safe; 1% risk of failure)
Press: ? - help, Q - select action, (/) - cycle Dir - look around, f - activate The bolt of lightning hits the spark wasp.
The spark wasp completely resists.
The spark wasp is moderately wounded.
The fiery plasma hits the spark wasp!!
The spark wasp is heavily wounded.
* * * LOW HITPOINT WARNING * * *
Your spellforged servitor casts a spell.
The bolt of lightning hits the spark wasp.
The spark wasp completely resists.
The fiery plasma hits the spark wasp!
The spark wasp stings your spellforged servitor but does no damage.
You hear a shout!
Unknown command.
Casting: Plasma Beam (safe; 1% risk of failure)
Press: ? - help, Q - select action, (/) - cycle Dir - look around, f - activate The bolt of lightning misses the spark wasp.
The fiery plasma hits the spark wasp!
The spark wasp is almost dead.
* * * LOW HITPOINT WARNING * * *
The spark wasp stings you!!
* * * LOW HITPOINT WARNING * * *
The spark wasp shocks you!
You die...

Skill      XL: |  1  2  3  4  5  6  7  8  9 10 11 12 13 14 15 16 17 |
---------------+----------------------------------------------------+-----
Spellcasting   | 4 5 6 8 9 11 13 14 16 | 16.6
Conjurations   | 4 5 6 8 9 11 13 14 16 | 16.6
Hexes          | 4 5 6 8 9 11 13 14 16 | 16.6
Summonings     | 4 5 6 8 9 11 13 14 16 | 16.6
Necromancy     | 4 5 6 8 9 11 13 14 16 | 16.6
Translocations | 4 5 6 8 9 11 13 14 16 | 16.6
Transmutations | 4 5 6 8 9 11 13 14 16 | 16.6
Fire Magic     | 4 5 6 8 9 11 13 14 16 | 16.6
Ice Magic      | 4 5 6 8 9 11 13 14 16 | 16.6
Air Magic      | 4 5 6 8 9 11 13 14 16 | 16.6
Earth Magic    | 4 5 6 8 9 11 13 14 16 | 16.6
Poison Magic   | 4 5 6 8 9 11 13 14 16 | 16.6
Fighting       | 3 5 7 8 9 10 11 12 14 15 | 15.9
Dodging        | 3 5 8 10 | 10.0
Maces & Flails | 3 |  3.5
Shields        | 3 |  3.0
Evocations     | 3 4 7 |  7.4
Armour         | 2 |  2.3
Shapeshifting  | 7 |  7.4
Stealth        | |  1.5

Action                     |  1- 3 |  4- 6 |  7- 9 | 10-12 | 13-15 | 16-18 || total
---------------------------+-------+-------+-------+-------+-------+-------++-------
  Melee: Flail             |       |       |     3 |    23 |    35 |     1 ||    62
   Cast: Foxfire           |    46 |    88 |   130 |   322 |   256 |       ||   842
         Scorch            |     7 |     9 |    59 |   125 |    72 |       ||   272
         Slow              |       |     3 |     3 |     5 |       |       ||    11
         Volatile Blastmot |       |     1 |     7 |     8 |     2 |       ||    18
         Call Canine Famil |       |       |    15 |    33 |     4 |       ||    52
         Call Imp          |       |       |    11 |    20 |     3 |       ||    34
         Flame Wave        |       |       |     2 |     5 |    21 |       ||    28
         Arcjolt           |       |       |       |    24 |   140 |    39 ||   203
         Plasma Beam       |       |       |       |       |   142 |   231 ||   373
         Spellforged Servi |       |       |       |       |       |    20 ||    20
 Invoke: Curse Item        |       |       |     1 |     8 |       |       ||     9
  Evoke: Wand              |       |       |       |       |     8 |     4 ||    12
    Use: Scroll            |     2 |     3 |     7 |     3 |     4 |     7 ||    26
         Potion            |       |       |       |       |     2 |     4 ||     6
   Stab: Distracted        |       |       |     1 |       |       |       ||     1
 Armour: Robe              |     2 |     3 |    17 |    75 |    85 |    50 ||   232
  Dodge: Dodged            |     6 |     2 |    24 |    50 |   115 |    43 ||   240
  Block: Buckler           |       |       |       |    31 |    40 |    27 ||    98

Levels and vault maps discovered:
D:1:      ncdulo_lavacross, layout_basic, nicolae_houndstooth_variations
D:2:      layout_loops_ring, uniq_jessica
D:3:      layout_basic, mainiacjoe_overflow_concentric_impassable,
          shapermc_ecumenical_altar_acropolis
D:4:      layout_cave_pools, kennysheep_mini_moat, mainiacjoe_overflow_chevrons,
          serial_column_ruins, column_ruins_hut, column_ruins_hut,
          column_ruins_columns_dead_end, column_ruins_grid_1,
          column_ruins_columns_dead_end, column_ruins_columns_straight,
          column_ruins_columns_corner, grunt_ministairs_14
D:5:      layout_basic, minmay_temple_entry_gardened_gates, uniq_duvessa,
          uniq_edmund
D:6:      layout_rooms, lemuel_mausoleum_altar_yredelemnul
D:7:      layout_gridville, nicolae_uskayaw_dance_studio, serial_shops,
          nicolae_square_shop, eino_jars
D:8:      layout_cave_pods, okawaru_gym_becter, serial_shops, shop
D:9:      layout_basic, minmay_lair_entry_grove
D:10:     layout_basic, minitemple, minivault_16, hangedman_stone_soup
D:11:     layout_irregular_city, orc_0_dummy, nicolae_figureground_sparkle
D:12:     layout_cave_pools, hangedman_fish_farm, uniq_kirke, uniq_nessos
D:13:     layout_irregular_city, david_vaults_3, uniq_azrael, uniq_josephine
D:14:     layout_cave_pools, nicolae_gozag_cash_rules_everything_around_me,
          jiyva_altar_1
D:15:     hangedman_depths_entry_civil_slaughter, layout_irregular_city,
          serial_bayou, serial_bayou_shore_a, serial_bayou_pond_d,
          serial_bayou_lake_a, serial_bayou_pond_a
Temple:   dshaligram_water_room_temple
Lair:1:   layout_small_grid, basic_altar
Lair:2:   layout_regular_city, mainiacjoe_shoals_entry_four_pools,
          nicolae_spider_entry_orb_guardian, portal_ice_cave_entry_ice_simulacra
Lair:3:   layout_regular_city
Lair:4:   layout_layer_cave, kennysheep_snail_temple
Lair:5:   hellmonk_lair_end_abyssal_woods, layout_loops_ring,
          minmay_slime_entry_jelly_boxes, nicolae_quartered_pool_super
Spider:1: layout_spider_delve, nicolae_crawler_farm
Spider:2: layout_chambers
Spider:3: layout_cave_pods
Orc:1:    layout_caves, serial_shops, shop, enter_volcano_2,
          blackcustard_mines_bat_river, uniq_gastronok
Orc:2:    grunt_orc_gardens, layout_diamond_mine, grunt_orc_garden,
          grunt_orc_garden, grunt_orc_garden, grunt_orc_garden

Notes
Turn   | Place    | Note
-------+----------+-------------------------------------------
     0 | D:1      | Reached skill level 3 in Spellcasting
     0 | D:1      | Reached skill level 3 in Conjurations
     0 | D:1      | Reached skill level 3 in Hexes
     0 | D:1      | Reached skill level 3 in Summonings
     0 | D:1      | Reached skill level 3 in Necromancy
     0 | D:1      | Reached skill level 3 in Translocations
     0 | D:1      | Reached skill level 3 in Transmutations
     0 | D:1      | Reached skill level 3 in Fire Magic
     0 | D:1      | Reached skill level 3 in Ice Magic
     0 | D:1      | Reached skill level 3 in Air Magic
     0 | D:1      | Reached skill level 3 in Earth Magic
     0 | D:1      | Reached skill level 3 in Poison Magic
     0 | D:1      | Drazool the Djinni Fire Elementalist began the quest for
                  | the Orb.
     0 | D:1      | Drazool set off with the following spells memorised:
                  | Foxfire, Scorch, Volatile Blastmotes, Inner Flame, Flame
                  | Wave.
     0 | D:1      | Reached XP level 1. HP: 15/15 MP: 0/0
   101 | D:1      | Reached XP level 2. HP: 18/21 MP: 0/0
   364 | D:1      | Upgraded the game from 0.31-a0-1074-g0b22e4e0f1 to
                  | 0.31-a0-1178-gc5c9b8f871
   452 | D:1      | Reached XP level 3. HP: 22/25 MP: 0/0
   452 | D:1      | Learned a level 1 spell: Slow
   686 | D:2      | Noticed Jessica
   692 | D:2      | Killed Jessica
   693 | D:2      | Reached skill level 4 in Spellcasting
   693 | D:2      | Reached skill level 4 in Conjurations
   693 | D:2      | Reached skill level 4 in Hexes
   693 | D:2      | Reached skill level 4 in Summonings
   693 | D:2      | Reached skill level 4 in Necromancy
   693 | D:2      | Reached skill level 4 in Translocations
   693 | D:2      | Reached skill level 4 in Transmutations
   693 | D:2      | Reached skill level 4 in Fire Magic
   693 | D:2      | Reached skill level 4 in Ice Magic
   693 | D:2      | Reached skill level 4 in Air Magic
   693 | D:2      | Reached skill level 4 in Earth Magic
   693 | D:2      | Reached skill level 4 in Poison Magic
   693 | D:2      | Reached XP level 4. HP: 27/31 MP: 0/0
  1382 | D:3      | Reached XP level 5. HP: 19/35 MP: 0/0
  1382 | D:3      | Learned a level 2 spell: Call Imp
  1454 | D:3      | Found a stormy altar of Qazlal.
  1724 | D:3      | Found a faded altar of an unknown god.
  2202 | D:4      | Noticed an ogre
  2283 | D:4      | Noticed an ogre
  2290 | D:4      | Killed an ogre
  2291 | D:4      | Reached skill level 5 in Spellcasting
  2291 | D:4      | Reached skill level 5 in Conjurations
  2291 | D:4      | Reached skill level 5 in Hexes
  2291 | D:4      | Reached skill level 5 in Summonings
  2291 | D:4      | Reached skill level 5 in Necromancy
  2291 | D:4      | Reached skill level 5 in Translocations
  2291 | D:4      | Reached skill level 5 in Transmutations
  2291 | D:4      | Reached skill level 5 in Fire Magic
  2291 | D:4      | Reached skill level 5 in Ice Magic
  2291 | D:4      | Reached skill level 5 in Air Magic
  2291 | D:4      | Reached skill level 5 in Earth Magic
  2291 | D:4      | Reached skill level 5 in Poison Magic
  2291 | D:4      | Reached XP level 6. HP: 33/40 MP: 0/0
  2333 | D:4      | Reached skill level 1 in Fighting
  2371 | D:4      | Killed an ogre
  2372 | D:4      | Reached skill level 2 in Fighting
  2379 | D:4      | Reached skill level 3 in Fighting
  2379 | D:4      | Reached XP level 7. HP: 37/50 MP: 0/0
  2379 | D:4      | Learned a level 2 spell: Wereblood
  2605 | D:4      | Reached skill level 4 in Fighting
  2743 | D:4      | Found a burning altar of Makhleb.
  2757 | D:4      | Found a glowing silver altar of Zin.
  3075 | D:5      | Entered Level 5 of the Dungeon
  3077 | D:5      | Found a staircase to the Ecumenical Temple.
  3085 | D:5      | Reached skill level 5 in Fighting
  3088 | D:5      | Noticed Edmund
  3098 | Temple   | Entered the Ecumenical Temple
  3116 | Temple   | Became a worshipper of Ashenzari the Shackled
  3175 | D:5      | Killed Edmund
  3176 | D:5      | Reached skill level 3 in Dodging
  3176 | D:5      | Reached XP level 8. HP: 50/59 MP: 0/0
  3254 | D:5      | Reached skill level 4 in Dodging
  3255 | D:5      | Noticed Dowan
  3260 | D:5      | Reached skill level 5 in Dodging
  3261 | D:5      | Killed Dowan
  3281 | D:5      | Noticed Duvessa
  3378 | D:5      | Killed Duvessa
  3379 | D:5      | Reached skill level 6 in Spellcasting
  3379 | D:5      | Reached skill level 6 in Conjurations
  3379 | D:5      | Reached skill level 6 in Hexes
  3379 | D:5      | Reached skill level 6 in Summonings
  3379 | D:5      | Reached skill level 6 in Necromancy
  3379 | D:5      | Reached skill level 6 in Translocations
  3379 | D:5      | Reached skill level 6 in Transmutations
  3379 | D:5      | Reached skill level 6 in Fire Magic
  3379 | D:5      | Reached skill level 6 in Ice Magic
  3379 | D:5      | Reached skill level 6 in Air Magic
  3379 | D:5      | Reached skill level 6 in Earth Magic
  3379 | D:5      | Reached skill level 6 in Poison Magic
  3533 | D:5      | Reached XP level 9. HP: 61/65 MP: 0/0
  3533 | D:5      | Learned a level 3 spell: Call Canine Familiar
  3957 | D:6      | Reached skill level 7 in Spellcasting
  3957 | D:6      | Reached skill level 7 in Conjurations
  3957 | D:6      | Reached skill level 7 in Hexes
  3957 | D:6      | Reached skill level 7 in Summonings
  3957 | D:6      | Reached skill level 7 in Necromancy
  3957 | D:6      | Reached skill level 7 in Translocations
  3957 | D:6      | Reached skill level 7 in Transmutations
  3957 | D:6      | Reached skill level 7 in Fire Magic
  3957 | D:6      | Reached skill level 7 in Ice Magic
  3957 | D:6      | Reached skill level 7 in Air Magic
  3957 | D:6      | Reached skill level 7 in Earth Magic
  3957 | D:6      | Reached skill level 7 in Poison Magic
  3999 | D:6      | Reached skill level 6 in Fighting
  4568 | D:6      | Reached skill level 8 in Spellcasting
  4568 | D:6      | Reached skill level 8 in Conjurations
  4568 | D:6      | Reached skill level 8 in Hexes
  4568 | D:6      | Reached skill level 8 in Summonings
  4568 | D:6      | Reached skill level 8 in Necromancy
  4568 | D:6      | Reached skill level 8 in Translocations
  4568 | D:6      | Reached skill level 8 in Transmutations
  4568 | D:6      | Reached skill level 8 in Fire Magic
  4568 | D:6      | Reached skill level 8 in Ice Magic
  4568 | D:6      | Reached skill level 8 in Air Magic
  4568 | D:6      | Reached skill level 8 in Earth Magic
  4568 | D:6      | Reached skill level 8 in Poison Magic
  5057 | D:6      | Found a basalt altar of Yredelemnul.
  5168 | D:6      | Reached skill level 7 in Fighting
  5190 | D:6      | Reached XP level 10. HP: 65/75 MP: 0/0
  5699 | D:7      | Found Hoimatil's General Store.
  5701 | D:7      | Reached * piety under Ashenzari
  5814 | D:7      | Reached skill level 9 in Spellcasting
  5814 | D:7      | Reached skill level 9 in Conjurations
  5814 | D:7      | Reached skill level 9 in Hexes
  5814 | D:7      | Reached skill level 9 in Summonings
  5814 | D:7      | Reached skill level 9 in Necromancy
  5814 | D:7      | Reached skill level 9 in Translocations
  5814 | D:7      | Reached skill level 9 in Transmutations
  5814 | D:7      | Reached skill level 9 in Fire Magic
  5814 | D:7      | Reached skill level 9 in Ice Magic
  5814 | D:7      | Reached skill level 9 in Air Magic
  5814 | D:7      | Reached skill level 9 in Earth Magic
  5814 | D:7      | Reached skill level 9 in Poison Magic
  5890 | D:7      | Reached skill level 1 in Maces & Flails
  5965 | D:7      | Reached skill level 2 in Maces & Flails
  6164 | D:7      | Reached skill level 1 in Shields
  6166 | D:7      | Reached skill level 3 in Maces & Flails
  6353 | D:7      | Found a hide-covered altar of Uskayaw.
  6475 | D:7      | Reached skill level 2 in Shields
  6730 | D:8      | Reached ** piety under Ashenzari
  6796 | D:8      | Reached skill level 3 in Shields
  6931 | D:7      | Bought an amulet of regeneration for 390 gold pieces
  7206 | D:8      | Reached XP level 11. HP: 64/79 MP: 0/0
  7206 | D:8      | Learned a level 5 spell: Arcjolt
  7229 | D:8      | Found Werao's Antique Weapon Emporium.
  7293 | D:8      | Reached *** piety under Ashenzari
  7317 | D:8      | Found an iron altar of Okawaru.
  7836 | D:9      | Noticed a centaur warrior
  7839 | D:9      | Killed a centaur warrior
  7840 | D:9      | Reached skill level 10 in Spellcasting
  7840 | D:9      | Reached skill level 10 in Conjurations
  7840 | D:9      | Reached skill level 10 in Hexes
  7840 | D:9      | Reached skill level 10 in Summonings
  7840 | D:9      | Reached skill level 10 in Necromancy
  7840 | D:9      | Reached skill level 10 in Translocations
  7840 | D:9      | Reached skill level 10 in Transmutations
  7840 | D:9      | Reached skill level 10 in Fire Magic
  7840 | D:9      | Reached skill level 10 in Ice Magic
  7840 | D:9      | Reached skill level 10 in Air Magic
  7840 | D:9      | Reached skill level 10 in Earth Magic
  7840 | D:9      | Reached skill level 10 in Poison Magic
  7999 | D:9      | Found a staircase to the Lair.
  8063 | D:9      | Reached skill level 8 in Fighting
  8139 | D:9      | Noticed a two-headed ogre
  8160 | D:9      | Killed a two-headed ogre
  8197 | D:9      | Reached skill level 1 in Evocations
  8422 | D:9      | Reached skill level 2 in Evocations
  8427 | D:9      | Reached skill level 3 in Evocations
  9118 | D:10     | Entered Level 10 of the Dungeon
  9471 | D:10     | Reached **** piety under Ashenzari
  9721 | D:10     | Reached skill level 11 in Spellcasting
  9721 | D:10     | Reached skill level 11 in Conjurations
  9721 | D:10     | Reached skill level 11 in Hexes
  9721 | D:10     | Reached skill level 11 in Summonings
  9721 | D:10     | Reached skill level 11 in Necromancy
  9721 | D:10     | Reached skill level 11 in Translocations
  9721 | D:10     | Reached skill level 11 in Transmutations
  9721 | D:10     | Reached skill level 11 in Fire Magic
  9721 | D:10     | Reached skill level 11 in Ice Magic
  9721 | D:10     | Reached skill level 11 in Air Magic
  9721 | D:10     | Reached skill level 11 in Earth Magic
  9721 | D:10     | Reached skill level 11 in Poison Magic
  9723 | D:10     | Reached XP level 12. HP: 72/91 MP: 0/0
  9835 | D:10     | Found a white marble altar of Elyvilon.
  9837 | D:10     | Found a sacrificial altar of Ru.
 10186 | D:10     | Reached ***** piety under Ashenzari
 10410 | D:11     | Noticed a two-headed ogre
 10410 | D:11     | Found a staircase to the Orcish Mines.
 10417 | D:11     | Killed a two-headed ogre
 10700 | D:11     | Reached skill level 9 in Fighting
 10740 | D:11     | Identified the +5 scimitar of a volcano {elec, rC+ Will++
                  | rCorr Str-5}
 11180 | Lair:1   | Entered Level 1 of the Lair of Beasts
 11218 | Lair:1   | Reached skill level 6 in Dodging
 11353 | Lair:1   | Noticed a catoblepas
 11371 | Lair:1   | Killed a catoblepas
 11372 | Lair:1   | Reached skill level 7 in Dodging
 11450 | Lair:1   | Reached ****** piety under Ashenzari
 11523 | Lair:1   | Found a hide-covered altar of Uskayaw.
 11993 | Lair:2   | Noticed a catoblepas
 12004 | Lair:2   | Killed a catoblepas
 12005 | Lair:2   | Reached skill level 8 in Dodging
 12005 | Lair:2   | Reached XP level 13. HP: 70/101 MP: 0/0
 12005 | Lair:2   | Learned a level 5 spell: Silence
 12042 | Lair:2   | Reached skill level 1 in Armour
 12042 | Lair:2   | Found a frozen archway.
 12051 | IceCv    | Entered an ice cave
 12100 | IceCv    | Reached skill level 2 in Armour
 12132 | IceCv    | Reached skill level 4 in Evocations
 12215 | IceCv    | Reached skill level 12 in Spellcasting
 12215 | IceCv    | Reached skill level 12 in Conjurations
 12215 | IceCv    | Reached skill level 12 in Hexes
 12215 | IceCv    | Reached skill level 12 in Summonings
 12215 | IceCv    | Reached skill level 12 in Necromancy
 12215 | IceCv    | Reached skill level 12 in Translocations
 12215 | IceCv    | Reached skill level 12 in Transmutations
 12215 | IceCv    | Reached skill level 12 in Fire Magic
 12215 | IceCv    | Reached skill level 12 in Ice Magic
 12215 | IceCv    | Reached skill level 12 in Air Magic
 12215 | IceCv    | Reached skill level 12 in Earth Magic
 12215 | IceCv    | Reached skill level 12 in Poison Magic
 12307 | IceCv    | Noticed a reaper
 12340 | IceCv    | Killed a reaper
 12793 | Lair:2   | Reached skill level 13 in Spellcasting
 12793 | Lair:2   | Reached skill level 13 in Conjurations
 12793 | Lair:2   | Reached skill level 13 in Hexes
 12793 | Lair:2   | Reached skill level 13 in Summonings
 12793 | Lair:2   | Reached skill level 13 in Necromancy
 12793 | Lair:2   | Reached skill level 13 in Translocations
 12793 | Lair:2   | Reached skill level 13 in Transmutations
 12793 | Lair:2   | Reached skill level 13 in Fire Magic
 12793 | Lair:2   | Reached skill level 13 in Ice Magic
 12793 | Lair:2   | Reached skill level 13 in Air Magic
 12793 | Lair:2   | Reached skill level 13 in Earth Magic
 12793 | Lair:2   | Reached skill level 13 in Poison Magic
 12901 | Lair:2   | Found a staircase to the Shoals.
 13120 | Lair:2   | Identified the ring of Isoid {Will+ MP+9}
 13154 | Lair:2   | Found a hole to the Spider Nest.
 13708 | Lair:3   | Reached skill level 10 in Fighting
 13834 | Lair:3   | Reached XP level 14. HP: 96/110 MP: 0/0
 13844 | Lair:3   | Reached skill level 11 in Fighting
 14729 | Lair:4   | Identified the +1 scale mail of Cuthra {Harm Stlth+}
 14949 | Lair:4   | Reached skill level 9 in Dodging
 15002 | Lair:4   | Found a snail-covered altar of Cheibriados.
 15244 | Lair:4   | Reached skill level 10 in Dodging
 15734 | Lair:5   | Entered Level 5 of the Lair of Beasts
 15873 | Lair:5   | Reached skill level 14 in Spellcasting
 15873 | Lair:5   | Reached skill level 14 in Conjurations
 15873 | Lair:5   | Reached skill level 14 in Hexes
 15873 | Lair:5   | Reached skill level 14 in Summonings
 15873 | Lair:5   | Reached skill level 14 in Necromancy
 15873 | Lair:5   | Reached skill level 14 in Translocations
 15873 | Lair:5   | Reached skill level 14 in Transmutations
 15873 | Lair:5   | Reached skill level 14 in Fire Magic
 15873 | Lair:5   | Reached skill level 14 in Ice Magic
 15873 | Lair:5   | Reached skill level 14 in Air Magic
 15873 | Lair:5   | Reached skill level 14 in Earth Magic
 15873 | Lair:5   | Reached skill level 14 in Poison Magic
 16040 | Lair:5   | Found a viscous altar of Jiyva.
 16051 | Lair:5   | Found a staircase to the Slime Pits.
 16262 | Lair:5   | Reached XP level 15. HP: 102/117 MP: 0/0
 16262 | Lair:5   | Learned a level 6 spell: Plasma Beam
 16398 | Lair:5   | Reached skill level 12 in Fighting
 16894 | Lair:5   | Found a one-way gate to the infinite horrors of the Abyss.
 16900 | Lair:5   | Reached skill level 15 in Spellcasting
 16900 | Lair:5   | Reached skill level 15 in Conjurations
 16900 | Lair:5   | Reached skill level 15 in Hexes
 16900 | Lair:5   | Reached skill level 15 in Summonings
 16900 | Lair:5   | Reached skill level 15 in Necromancy
 16900 | Lair:5   | Reached skill level 15 in Translocations
 16900 | Lair:5   | Reached skill level 15 in Transmutations
 16900 | Lair:5   | Reached skill level 15 in Fire Magic
 16900 | Lair:5   | Reached skill level 15 in Ice Magic
 16900 | Lair:5   | Reached skill level 15 in Air Magic
 16900 | Lair:5   | Reached skill level 15 in Earth Magic
 16900 | Lair:5   | Reached skill level 15 in Poison Magic
 17133 | Lair:5   | Found a corrupted altar of Lugonu.
 17446 | Orc:1    | Entered Level 1 of the Orcish Mines
 17549 | Orc:1    | Noticed Gastronok
 17551 | Orc:1    | Killed Gastronok
 17576 | Orc:1    | Found a dark tunnel.
 17587 | Volcano  | Entered a volcano
 18096 | Orc:1    | Upgraded the game from 0.31-a0-1178-gc5c9b8f871 to
                  | 0.31-a0-1206-g41278d8d1d
 18313 | Orc:1    | Found Biemp's Assorted Antiques.
 18495 | Orc:2    | Entered Level 2 of the Orcish Mines
 18591 | Orc:2    | Reached skill level 16 in Spellcasting
 18591 | Orc:2    | Reached skill level 16 in Conjurations
 18591 | Orc:2    | Reached skill level 16 in Hexes
 18591 | Orc:2    | Reached skill level 16 in Summonings
 18591 | Orc:2    | Reached skill level 16 in Necromancy
 18591 | Orc:2    | Reached skill level 16 in Translocations
 18591 | Orc:2    | Reached skill level 16 in Transmutations
 18591 | Orc:2    | Reached skill level 16 in Fire Magic
 18591 | Orc:2    | Reached skill level 16 in Ice Magic
 18591 | Orc:2    | Reached skill level 16 in Air Magic
 18591 | Orc:2    | Reached skill level 16 in Earth Magic
 18591 | Orc:2    | Reached skill level 16 in Poison Magic
 18591 | Orc:2    | Identified a +2 robe of resistance
 18624 | Orc:2    | Noticed an orc warlord
 18671 | Orc:2    | Reached XP level 16. HP: 108/126 MP: 0/0
 18805 | Orc:2    | Found a staircase to the Elven Halls.
 18839 | Orc:2    | Found Ynyf's Jewellery Shoppe.
 18839 | Orc:2    | Found Hawil's Antique Weapon Boutique.
 18873 | Orc:2    | Found Peoxuat's General Store.
 18996 | Orc:2    | Found Ymek Utz's Antique Armour Boutique.
 19329 | D:12     | Noticed Nessos
 19331 | D:12     | Killed Nessos
 19334 | D:12     | Noticed Kirke
 19339 | D:12     | Killed Kirke
 19775 | D:13     | Found a gate to the Vaults.
 19777 | D:13     | Reached skill level 13 in Fighting
 19976 | D:13     | Reached skill level 14 in Fighting
 19976 | D:13     | Noticed Josephine
 19979 | D:13     | Killed Josephine
 19980 | D:13     | Noticed Azrael
 20143 | D:13     | Killed Azrael
 20552 | D:13     | Reached skill level 5 in Evocations
 21026 | D:14     | Reached skill level 6 in Evocations
 21115 | D:14     | Found a viscous altar of Jiyva.
 21348 | Orc:1    | Bought a scroll of blinking for 165 gold pieces
 21503 | D:14     | Found an opulent altar of Gozag.
 21569 | D:15     | Entered Level 15 of the Dungeon
 21717 | D:15     | Reached skill level 7 in Evocations
 21726 | D:15     | Reached XP level 17. HP: 105/136 MP: 0/0
 21726 | D:15     | Learned a level 7 spell: Spellforged Servitor
 21769 | D:15     | Reached skill level 1 in Shapeshifting
 21784 | D:15     | Reached skill level 2 in Shapeshifting
 21791 | D:15     | Reached skill level 3 in Shapeshifting
 21805 | D:15     | Reached skill level 4 in Shapeshifting
 21915 | D:15     | Found a staircase to the Depths.
 22569 | Spider:1 | Entered Level 1 of the Spider Nest
 22602 | Spider:1 | Reached skill level 5 in Shapeshifting
 22721 | Spider:1 | Reached skill level 6 in Shapeshifting
 23107 | Spider:2 | Reached skill level 7 in Shapeshifting
 23430 | Spider:2 | Reached skill level 15 in Fighting
 23484 | Spider:2 | Identified a scroll of acquirement
 23488 | Spider:2 | Acquired 898 gold pieces
 24628 | Spider:3 | Identified the +8 shortbow "Ilatut" {elec, rF+ Dex+3}
 24667 | Spider:3 | HP: 11/139 [spark wasp (27)]
 24667 | Spider:3 | Slain by a spark wasp

Vanquished Creatures
  Gastronok (Orc:1)
  Kirke (D:12)
  An orc warlord (Orc:2)
  A reaper (IceCv)
  Nessos (D:12)
  Azrael (D:13)
  2 spark wasps
  Josephine (D:13)
  An ettin (Orc:2)
  An entropy weaver (shapeshifter) (Lair:5)
  4 hydras
  A radroach (Spider:3)
  An ogre mage (D:13)
  3 centaur warriors (D:13)
  3 catoblepae
  2 boulder beetles
  10 two-headed ogres
  13 death yaks
  7 tengu warriors
  7 demonic crawlers (Spider:1)
  A hell knight (Volcano)
  3 thrashing horrors (Lair:5)
  6 orc high priests (Orc:2)
  3 pharaoh ants
  A skyshark (Lair:5)
  A salamander mystic (Volcano)
  3 skeletal warriors (D:15)
  5 orb spiders
  3 orc knights
  3 steelbarb worms
  An arcanist (D:13)
  A deep elf pyromancer (D:12)
  3 ugly things
  4 orc sorcerers
  4 wolf spiders
  2 large abominations (Lair:5)
  3 cyclopes
  4 salamanders (Volcano)
  A manticore (D:13)
  16 elephants
  A merfolk siren (Lair:2)
  A moth of wrath (Spider:1)
  2 black mambas
  2 ice statues (IceCv)
  4 kobold blastminers (Orc:1)
  A smoke demon (Lair:5)
  2 molten gargoyles (Volcano)
  2 torpor snails
  9 cane toads
  A gargoyle (D:12)
  A rime drake (Lair:5)
  An unseen horror (shapeshifter) (Lair:5)
  2 unseen horrors (D:11)
  A freezing wraith (D:13)
  3 kobold demonologists
  2 anaconda simulacra (IceCv)
  7 komodo dragons
  3 tengu conjurers
  8 ice devils (IceCv)
  2 merfolk
  2 trolls
  6 meliai
  A tarantella (Spider:3)
  A raiju (shapeshifter) (D:14)
  21 blink frogs
  2 raiju (Lair:5)
  5 jumping spiders
  14 slime creatures
  A centaur simulacrum (D:14)
  3 spriggans
  5 culicivoras
  6 water elementals (D:15)
  6 wraiths
  7 wyverns
  11 basilisks
  48 yaks
  A vampire (D:13)
  A ynoxinul (Lair:5)
  A dire elephant simulacrum (IceCv)
  4 fire elementals
  3 hogs (D:12)
  16 humans (D:13)
  2 chaos spawn (Lair:5)
  2 fire bats (Volcano)
  5 vampire mosquitoes
  4 wargs (Orc:2)
  2 death yak simulacra
  9 redbacks
  3 steam dragons
  Edmund (D:5)
  12 small abominations (Lair:5)
  An acid dragon (D:13)
  A harpy simulacrum (IceCv)
  15 water moccasins
  Duvessa (D:5)
  2 hell hounds
  21 orc warriors
  4 ice beasts
  3 black bears
  8 ogres
  7 wolves
  7 centaurs
  5 kobold brigands
  3 phantoms
  9 bullfrogs
  A gnoll sergeant (D:9)
  3 two-headed ogre simulacra (IceCv)
  A necrophage (D:10)
  4 scorpions
  8 wights
  17 jellies
  8 killer bees
  Dowan (D:5)
  An elephant simulacrum (IceCv)
  14 electric eels
  A centaur zombie (D:6)
  5 howler monkeys
  A bullfrog zombie (D:6)
  A human zombie (D:6)
  6 lava snakes (Volcano)
  3 hounds
  12 orc priests
  A gnoll bouda (D:8)
  Jessica (D:2)
  3 iguanas
  2 sleepcaps
  16 orc wizards
  A troll simulacrum (IceCv)
  A spriggan simulacrum (IceCv)
  2 wolf simulacra (IceCv)
  A mummy (D:6)
  2 howler monkey zombies (D:6)
  11 gnolls
  2 naga simulacra (IceCv)
  5 adders
  7 white imps
  3 ufetubi
  3 worms
  2 dart slugs
  47 orcs
  5 endoplasms
  5 giant cockroaches
  3 goblins
  9 hobgoblins
  13 jackals
  5 quokkas
  7 ball pythons
  7 bats
  34 kobolds
  9 rats
  19 foxfires
790 creatures vanquished.

Vanquished Creatures (collateral kills)
  An entropy weaver (Spider:2)
  2 hydras (D:15)
  A boulder beetle (Spider:2)
  A centaur warrior (D:9)
  A catoblepas (Lair:2)
  A tengu warrior (D:15)
  5 demonic crawlers
  5 skeletal warriors (D:15)
  A glowing orange brain (shapeshifter) (D:15)
  A deep troll (D:15)
  3 steelbarb worms
  A necromancer (D:15)
  2 wolf spiders
  A cyclops (D:15)
  A moth of wrath (Spider:1)
  A torpor snail (Spider:1)
  5 tarantellas
  3 slime creatures (D:9)
  2 yaks (D:8)
  3 culicivoras
  5 jumping spiders
  A wyvern (D:7)
  7 redbacks
  A hornet zombie (D:6)
  An orc warrior (D:7)
  A black bear (D:9)
  2 wolves (D:9)
  2 centaurs
  A kobold brigand (D:10)
  A necrophage (D:6)
  A scorpion (D:6)
  3 wights
  A crimson imp (Spider:1)
  A hound (D:6)
  2 centaur zombies (D:6)
  2 orc priests
  A sleepcap (D:8)
  2 iguanas
  2 orc wizards
  A spriggan simulacrum (IceCv)
  A mummy (D:6)
  A howler monkey zombie (D:6)
  8 orcs
  9 kobolds
  26 foxfires
124 creatures vanquished.

Vanquished Creatures (others)
  1410 foxfires
1410 creatures vanquished.

Grand Total: 2324 creatures vanquished

Table legend: (Time is in decaauts)
 A = Elapsed time spent in this place.
 B = Non-inter-level travel time spent in this place.
 C = Inter-level travel time spent in this place.
 D = Time resting spent in this place.
 E = Time spent auto-exploring this place.
 F = Levels seen in this place.
 G = Mean time per level.
                   A        B        C        D        E       F      G
               +--------+--------+--------+--------+--------+-----+--------+
         Total |  24712 |  23198 |   1514 |   2441 |  15632 |  28 |  882.6 |
       Dungeon |  14523 |  13590 |    933 |   1474 |   9471 |  15 |  968.2 |
        Temple |     43 |     43 |      0 |     12 |      0 |   1 |   43.0 |
          Lair |   5719 |   5303 |    416 |    407 |   3682 |   5 | 1143.8 |
   Spider Nest |   2099 |   2030 |     69 |    134 |   1486 |   3 |  699.7 |
  Orcish Mines |   1242 |   1148 |     94 |    196 |    705 |   2 |  621.0 |
      Ice Cave |    575 |    575 |      0 |    119 |     82 |   1 |  575.0 |
       Volcano |    507 |    507 |      0 |     99 |    206 |   1 |  507.0 |
               +--------+--------+--------+--------+--------+-----+--------+

Top non-repeatable levels by time:
  Lair:4: 1440 daAuts
  Lair:5: 1432 daAuts
     D:9: 1359 daAuts
    D:10: 1338 daAuts
Spider:2: 1273 daAuts
     D:6: 1221 daAuts
     D:5: 1170 daAuts
     D:7: 1169 daAuts
     D:8: 1055 daAuts
  Lair:3: 999 daAuts
  Lair:2: 975 daAuts
    D:13: 916 daAuts
     D:4: 895 daAuts
    D:15: 872 daAuts
  Lair:1: 871 daAuts

Table legend:
 A = Non-vault XP
 B = Vault XP
 C = Vault XP percentage of total XP
 D = Non-vault monster count
 E = Vault monster count
 F = Vault count percentage of total count
                 A         B        C        D         E       F
            +---------+---------+-------+---------+---------+-------
      Total |  139879 |   65121 |  31.8 |     631 |     238 |  27.4
            +---------+---------+-------+---------+---------+-------
        D:1 |      40 |       0 |   0.0 |      25 |       0 |   0.0
        D:2 |      26 |      37 |  58.7 |      15 |       1 |   6.2
        D:3 |      91 |       0 |   0.0 |      14 |       0 |   0.0
        D:4 |     500 |      94 |  15.8 |      30 |       2 |   6.2
        D:5 |    1002 |     374 |  27.2 |      19 |       3 |  13.6
        D:6 |    1778 |     542 |  23.4 |      37 |      12 |  24.5
        D:7 |    1444 |     420 |  22.5 |      23 |      12 |  34.3
        D:8 |    1921 |       0 |   0.0 |      31 |       0 |   0.0
        D:9 |    4436 |    1525 |  25.6 |      33 |      10 |  23.3
       D:10 |    3431 |     613 |  15.2 |      37 |       4 |   9.8
       D:11 |    3706 |       0 |   0.0 |      14 |       0 |   0.0
       D:12 |    5913 |    4004 |  40.4 |      13 |      10 |  43.5
       D:13 |   10096 |    8959 |  47.0 |      31 |      28 |  47.5
       D:14 |    4054 |     350 |   7.9 |      10 |       4 |  28.6
       D:15 |   15165 |    3620 |  19.3 |      33 |       5 |  13.2
     Lair:1 |    4134 |       0 |   0.0 |      15 |       0 |   0.0
     Lair:2 |    7500 |    1357 |  15.3 |      28 |       3 |   9.7
     Lair:3 |    6570 |       0 |   0.0 |      22 |       0 |   0.0
     Lair:4 |   10223 |     413 |   3.9 |      26 |       1 |   3.7
     Lair:5 |   16867 |   13512 |  44.5 |      39 |      55 |  58.5
   Spider:1 |   10705 |    4855 |  31.2 |      23 |       7 |  23.3
   Spider:2 |   12226 |       0 |   0.0 |      32 |       0 |   0.0
   Spider:3 |   10393 |       0 |   0.0 |      22 |       0 |   0.0
      Orc:1 |    3062 |    2999 |  49.5 |      25 |      10 |  28.6
      Orc:2 |    4596 |    9757 |  68.0 |      34 |      22 |  39.3
      IceCv |       0 |    6539 | 100.0 |       0 |      33 | 100.0
    Volcano |       0 |    5151 | 100.0 |       0 |      16 | 100.0
            +---------+---------+-------+---------+---------+-------
